 Dungeon Sprint DCSS version 0.29-a0-221-gceb61267dd (webtiles) character file.

Game seed: 6442604138072050199

942 mhtbhm the Basher (level 8, -6/59 HPs)
             Began as a Gargoyle Berserker on Feb 26, 2022.
             Was an Elder of Trog.
             Mangled by a human
             ... wielding a +0 hand axe
              (17 damage)
             ... in the Dungeon (Sprint III: "The Ten Rune Challenge").
             The game lasted 00:01:42 (1298 turns).

mhtbhm the Basher (Gargoyle Berserker)              Turns: 1298, Time: 00:01:43

Health: -6/59      AC: 12    Str: 24    XL:     8   Next: 12%
Magic:  8/8        EV: 12    Int:  7    God:    Trog [****..]
Gold:   47         SH:  0    Dex: 11    Spells: 7/7 levels left

rFire   . . .      SeeInvis .   a - +0 mace
rCold   . . .      Faith    .   (no shield)
rNeg    + . .      Spirit   .   b - +0 ring mail
rPois   ∞          Reflect  .   (no helmet)
rElec   +          Harm     .   (no cloak)
rCorr   .          Rampage  .   (no gloves)
Will    .....      NoTele   +   (no boots)
Stlth   +.........              (no amulet)
HPRegen 0.19/turn               (no ring)
MPRegen 0.11/turn               (no ring)

@: on berserk cooldown, slowed, very slow
A: sickness immunity, AC +5, negative energy resistance 1, electricity
resistance, torment resistance 1, petrification resistance, agile 1, sense
surroundings 1
a: Renounce Religion, Berserk, Trog's Hand, Brothers in Arms


You were in the Dungeon.
You worshipped Trog.
Trog was greatly pleased with you.
You visited 1 branch You collected 47 gold pieces.

Inventory:

Hand Weapons
 a - a +0 mace (weapon)
Armour
 b - a +0 ring mail (worn)
Wands
 d - a wand of digging (3)
Scrolls
 j - 2 scrolls of immolation {unknown}
 k - a scroll of identify {unknown}
 m - a scroll of vulnerability {unknown}
Potions
 c - a potion of curing
 e - a potion of haste
 f - 2 potions of magic
 g - a potion of berserk rage
 i - 2 potions of mutation
 l - 4 potions of flight


   Skills:
 + Level 10.9 Fighting
 + Level 11.0 Maces & Flails
 + Level 8.9 Armour
 + Level 5.2 Dodging
 + Level 1.8 Stealth


You had 7 spell levels left.
You didn't know any spells.
Your spell library was empty.

Dungeon Overview and Level Annotations

Branches:
Dungeon (1/1)

Altars:
Dithmenos
Elyvilon
Okawaru
Ru
Trog
Uskayaw
Wu Jian
Yredelemnul
Zin
The Shining One
Beogh


Innate Abilities, Weirdness & Mutations

You are immune to sickness and miasma.
Your stone body is resilient. (AC +5)
You are immune to poison.
You resist negative energy. (rN+)
You are resistant to electric shocks. (rElec)
You are resistant to unholy torment.
You are immune to petrification.
You are agile. (Dex +2)
You passively map a small area around you.


Message History

You closely miss the human. You hit the human but do no damage.
The human misses you.
You closely miss the human. The human hits you with a +0 hand axe!
You sock the human!
The human is lightly wounded.
The human closely misses you.
You miss the human.
The human is lightly wounded.
You closely miss the human.
The human is lightly wounded.
The human closely misses you.
You hit the human.
The human is moderately wounded.
The human hits you with a +0 hand axe!
You bludgeon the human!!
The human is severely wounded.
The human closely misses you.
You sock the human!
The human is almost dead.
You are no longer berserk.
You are exhausted.
You feel yourself slow down. The human misses you.
You hit the human but do no damage.
The human is almost dead.
The human hits you with a +0 hand axe.
You hit the human but do no damage.
The human is almost dead.
The human hits you with a +0 hand axe! x2
* * * LOW HITPOINT WARNING * * *
The human closely misses you.
You barely miss the human.
The human is almost dead.
The human barely misses you.
You closely miss the human.
The human is almost dead.
The human closely misses you. The human hits you but does no damage.
You hit the human.
The human is almost dead.
The human hits you with a +0 hand axe!
You die...

▓▓ ▓▓▓ .####
##.############ *
....#####..#___#___#__#***
, .....#..#..#...#p_.#)_#
, ##...#..#..###'#@###'##
###..##'#..#.......)..# ,
,
.##..###...'.⌠........#,,
, ##..####...#...######'#
** ##..###....#.⌠.#_ #...#
* * #..)##.....#...# #...#
≈ * ....#......#+###
#...#, * ..##.#.....#,
#...+ , ..#####....# _
+...#,


You could see a human (berserk).

Vanquished Creatures
  A deep elf pyromancer (D)
  A shadow (D)
  A necrophage (D)
  A water elemental (D)
  A jelly (D)
  Jessica (D)
  A necromancer (D)
  2 humans (D)
  A wolf (D)
  3 rats (D)
13 creatures vanquished.

Notes
Turn   | Place    | Note
-------+----------+-------------------------------------------
     0 | D        | mhtbhm the Gargoyle Berserker began the quest for the Orb.
     0 | D        | Reached XP level 1. HP: 14/14 MP: 1/1
    70 | D        | Reached ** piety under Trog
    93 | D        | Noticed Jessica
   104 | D        | Killed Jessica
   105 | D        | Reached skill level 5 in Fighting
   105 | D        | Reached skill level 4 in Maces & Flails
   105 | D        | Reached XP level 2. HP: 21/21 MP: 2/2
   105 | D        | Reached XP level 3. HP: 26/26 MP: 3/3
   288 | D        | Reached skill level 5 in Maces & Flails
   293 | D        | Reached XP level 4. HP: 32/32 MP: 4/4
   312 | D        | Gained mutation: You are frail. (-10% HP) [potion of
                  | mutation]
   315 | D        | Lost mutation: You are frail. (-10% HP) [potion of
                  | mutation]
   315 | D        | Gained mutation: You have hidden genetic potential. [potion
                  | of mutation]
   346 | D        | Noticed a water elemental
   352 | D        | Killed a water elemental
   352 | D        | Reached *** piety under Trog
   353 | D        | Reached skill level 6 in Maces & Flails
   353 | D        | Reached XP level 5. HP: 37/37 MP: 5/5
   361 | D        | Gained mutation: You are agile. (Dex +2) [hidden potential]
   395 | D        | Found a basalt altar of Yredelemnul.
   395 | D        | Found a shadowy altar of Dithmenos.
   395 | D        | Found a sacrificial altar of Ru.
   395 | D        | Noticed a necrophage
   401 | D        | Killed a necrophage
   402 | D        | Reached skill level 8 in Maces & Flails
   402 | D        | Reached skill level 5 in Armour
   410 | D        | Reached XP level 6. HP: 44/44 MP: 6/6
   481 | D        | HP: 2/44 [acid (11)]
   806 | D        | Found a glowing silver altar of Zin.
   806 | D        | Found a glowing golden altar of the Shining One.
   806 | D        | Found a white marble altar of Elyvilon.
   907 | D        | Noticed a deep elf pyromancer
   915 | D        | Noticed a fire elemental
   918 | D        | Noticed a fire elemental
   920 | D        | Killed a deep elf pyromancer
   920 | D        | Reached **** piety under Trog
   921 | D        | Reached skill level 10 in Fighting
   921 | D        | Reached skill level 10 in Maces & Flails
   921 | D        | Reached skill level 1 in Stealth
   921 | D        | Reached XP level 7. HP: 5/52 MP: 7/7
   921 | D        | Gained mutation: You passively map a small area around you.
                  | [hidden potential]
   921 | D        | Lost mutation: You have hidden genetic potential. [hidden
                  | potential expressed]
  1082 | D        | Noticed a shadow
  1093 | D        | Killed a shadow
  1094 | D        | Reached skill level 5 in Dodging
  1277 | D        | Found a hide-covered altar of Uskayaw.
  1277 | D        | Found an iron altar of Okawaru.
  1277 | D        | Found a bloodstained altar of Trog.
  1277 | D        | Found an ornate altar of the Wu Jian Council.
  1277 | D        | Noticed a human
  1278 | D        | Noticed a human
  1283 | D        | Killed a human
  1284 | D        | Reached skill level 11 in Maces & Flails
  1284 | D        | Reached XP level 8. HP: 59/59 MP: 8/8
  1298 | D        | Mangled by a human

Illustrated notes

Levels and vault maps discovered:
D:        dungeon_sprint_mu [sprint_mu_entry_cave, sprint_mu_temple_rooms,
          sprint_mu_d1_horrors, sprint_mu_d2_genie, sprint_mu_d3_branching,
          sprint_mu_orc_legion, sprint_mu_elf_gauntlet, sprint_mu_hive_nellie,
          sprint_mu_lair_fedhas, sprint_mu_vaults_butterflies,
          sprint_mu_slime_circle, sprint_mu_swamp_cave, sprint_mu_snake_twists,
          sprint_mu_blade_basic, sprint_mu_crypt_chambers,
          sprint_mu_tomb_spiral, sprint_mu_vestibule_basic,
          sprint_mu_gehenna_hellfire, sprint_mu_dis_giant,
          sprint_mu_tartarus_statrot, sprint_mu_cocytus_islands, sprint_mu_zot1]

Skill      XL: |  1  2  3  4  5  6  7 |
---------------+----------------------+-----
Fighting       | 5 6 8 10 | 10.9
Maces & Flails | 4 5 6 8 10 11 | 11.0
Armour         | 3 4 5 7 8 |  8.9
Dodging        | 2 3 4 5 |  5.2
Stealth        | 1 |  1.8

Action                   |  1- 3 |  4- 6 |  7- 9 || total
-------------------------+-------+-------+-------++-------
Melee: Mace              |    25 |    30 |    28 ||    83
       Punch             |       |     2 |       ||     2
Invok: Berserk           |     2 |     3 |     2 ||     7
  Use: Potion            |     1 |     4 |       ||     5
       Scroll            |       |     1 |       ||     1
Armor: Ring mail         |     8 |     9 |     6 ||    23
       Animal skin       |     4 |       |       ||     4
Dodge: Dodged            |    11 |    13 |    12 ||    36

Table legend: (Time is in decaauts)
 A = Elapsed time spent in this place.
 B = Non-inter-level travel time spent in this place.
 C = Inter-level travel time spent in this place.
 D = Time resting spent in this place.
 E = Time spent auto-exploring this place.
 F = Levels seen in this place.
 G = Mean time per level.
                   A        B        C        D        E       F      G
               +--------+--------+--------+--------+--------+-----+--------+
         Total |   1364 |   1364 |      0 |    746 |    328 |   1 | 1364.0 |
       Dungeon |   1364 |   1364 |      0 |    746 |    328 |   1 | 1364.0 |
               +--------+--------+--------+--------+--------+-----+--------+

Top non-repeatable levels by time:
       D: 1364 daAuts
